 Dungeon Crawl Stone Soup version 0.22.0-13-g43fe8f24b8 (webtiles) character file.

56 RedPan the Sneak (level 3, 0/14 HPs)
             Began as a Felid Enchanter on Aug 16, 2018.
             Killed from afar by an orc wizard (9 damage)
             ... with a puff of flame
             ... on level 3 of the Dungeon.
             The game lasted 00:04:38 (2257 turns).

RedPan the Sneak (Felid Enchanter)                  Turns: 2257, Time: 00:04:38

Health: 0/14       AC:  1    Str:  4    XL:     3   Next: 71%
Magic:  5/7        EV: 18    Int: 17    God:
Gold:   77         SH:  0    Dex: 16    Spells: 0/6 levels left
                                        Lives:  0   Deaths: 0

rFire    . . .     SeeInvis +     - Unarmed
rCold    . . .     Gourm    .   (shield unavailable)
rNeg     . . .     Faith    .   (armour unavailable)
rPois    .         Spirit   .   (helmet unavailable)
rElec    .         Reflect  .   (cloak unavailable)
rCorr    .         Harm     .   (gloves unavailable)
MR       .....                  (boots unavailable)
Stlth    +++.......             (no amulet)
HPRegen  0.04/turn              (no ring)
MPRegen  0.10/turn              (no ring)

@: quick
A: very small, no armour, no weapons or thrown items, stealth, claws 1, fangs 3,
see invisible, carnivore, speed 1, shaggy fur 1, slow metabolism 1, sharp paws
a: no special abilities


You were on level 3 of the Dungeon.
You were completely stuffed.

You visited 1 branch of the dungeon, and saw 3 of its levels.

You collected 77 gold pieces.

Inventory:

Scrolls
 c - a scroll of fog {unknown}
 g - a scroll of remove curse
 h - 3 scrolls of identify
Potions
 d - a potion of heal wounds
 e - a potion of flight
 f - a potion of might
 j - a potion of agility
 k - a potion of lignification
Comestibles
 a - a chunk of flesh
 b - 6 rations


   Skills:
 - Level 2.6 Dodging
 + Level 5.2 Stealth
 + Level 2.3 Unarmed Combat
 - Level 2.0 Spellcasting
 - Level 5.0 Hexes
 + Level 0.0 Ice Magic


You couldn't memorise any spells.
You knew the following spells:

 Your Spells              Type           Power        Failure   Level  Hunger
a - Corona                Hex            ###....      2%          1    #......
b - Ensorcelled Hibernat  Hex/Ice        ##....       11%         2    ###....
c - Confuse               Hex            ###.....     8%          3    ###....

Your spell library contained the following spells:

 Spells                   Type           Power        Failure   Level  Hunger
 Tukima's Dance           Hex            ###.....     8%          3    ###....
 Dazzling Spray           Conj/Hex       ##....       21%         3    ###....


Dungeon Overview and Level Annotations

Branches:
Dungeon (3/15)

Altars:
Qazlal


Innate Abilities, Weirdness & Mutations

You cannot wear armour.
You are incapable of wielding weapons or throwing items.
Your paws allow you to move quietly. (Stealth)
You have sharp claws.
You have razor-sharp teeth.
You have supernaturally acute eyesight. (SInv)
You are carnivorous and can eat meat at any time.
You cover ground quickly.
You are covered in fur. (AC +1)
You have a slow metabolism.
Your sharp claws are effective at attacking unaware monsters.


Message History

Confirm with . or Enter, or press ? or * to list all spells.
Aiming: Ensorcelled Hibernation (safe; 11% risk of failure)
Press: ? - help, Shift-Dir - straight line, f/p - orc wizard
Aim: an orc wizard, wielding a dagger and wearing a robe (chance to defeat MR: 41%)
The orc wizard resists with some effort.
The orc wizard mumbles some strange words.
The orc wizard flickers and vanishes for a moment.
The orc throws an exploding tomahawk.
The exploding tomahawk barely misses you.
The exploding tomahawk explodes!
An orc comes into view.
The orc throws an exploding tomahawk.
The exploding tomahawk completely misses you.
The exploding tomahawk explodes!
The orc wizard gestures wildly while chanting.
The orc wizard seems to speed up.
The orc wizard points at you and mumbles some strange words.
The puff of flame hits you!
Ouch! That really hurt!
You die...

#.# ### #.# ... #.#
###.### #.# #.....#
#.###.....##.
#.#..........
##########.........#
#...........#......#
#.########@...######
#.# ######.#.## #.#
#........########.
#.#
#.####o......>....
#.# #.#....####. #.#
#o####.# #.#
##.####.# #.#
#.......# #.##
#..######


You could see an orc wizard (invisible) and an orc.

Vanquished Creatures
  3 adders (D:2)
  A leopard gecko (D:1)
  A giant cockroach (D:2)
  4 hobgoblins
  A quokka (D:2)
  2 bats
  6 goblins
  5 kobolds
  7 rats
30 creatures vanquished.

Notes
Turn   | Place    | Note
-------+----------+-------------------------------------------
     0 | D:1      | RedPan the Felid Enchanter began the quest for the Orb.
     0 | D:1      | Reached XP level 1. HP: 7/7 MP: 4/4
   403 | D:1      | Reached XP level 2. HP: 5/11 MP: 3/6
   587 | D:1      | Learned a level 2 spell: Ensorcelled Hibernation
  1508 | D:2      | Reached skill level 5 in Hexes
  1541 | D:2      | Reached XP level 3. HP: 9/14 MP: 4/7
  1751 | D:2      | Reached skill level 5 in Stealth
  1966 | D:2      | Found a stormy altar of Qazlal.
  2197 | D:3      | Learned a level 3 spell: Confuse
  2257 | D:3      | Killed from afar by an orc wizard

Skill      XL: |  1  2  3 |
---------------+----------+-----
Hexes          | 5 |  5.0
Unarmed Combat | 2 |  2.3
Stealth        | 5 |  5.2
Dodging        | |  2.6
Spellcasting   | |  2.0

Action                   || total
-------------------------++-------
Melee: Unarmed           ||    90
       Bite              ||     6
 Cast: Corona            ||     5
       Ensorcelled Hiber ||    12
  Use: Scroll            ||     8
 Stab: Sleeping          ||    12
  Eat: Chunk             ||    11
Armor: Skin              ||     5
Dodge: Dodged            ||    78
